AoeStats
← 玩印度的哥们硬不起来

Arena

510307274Analyzed
4v4 RM · 2d ago on Sep 30, 2026· 34m 14s· 8 players
Game mode
Random Map
Map size
Large (8 player)
Population
200
Speed
Normal
Resources
Standard
Victory
Conquest
Starting age
Dark Age
Ending age
Imperial Age
RankedLock teamsTeams togetherTeam positionsShared explorationLock speedFull tech treeHidden civsTurbo modeCheats
Victory
Defeat
🇨🇦 Wei · Canada
1431
+18
🇭🇰 Teutons · Hong Kong SAR China
1398
+20
🇦🇺 Burmese · Australia
1397
+20
🇭🇰 Magyars · Hong Kong SAR China
1352
+21
🇦🇷 Hindustanis · Argentina
1567
-24
🇨🇳 Chinese · China
1485
-20
1467
-19
🇨🇳 Khmer · China
1382
-16
Vinkz
9:53 Loom
11:39 Feudal Age
16:31 Castle Age
16:03 Gold Mining
18:56 Bloodlines
18:56 Husbandry
34:01 Wheelbarrow
33:08 Horse Collar
Ranchy
9:52 Feudal Age
10:32 Double-Bit Axe
11:23 Wheelbarrow
10:31 Horse Collar
16:54 Castle Age
15:03 Gold Mining
15:33 Stone Mining
17:48 Bow Saw
18:04 Heavy Plow
18:42 Loom
22:02 Gold Shaft Mining
22:37 Scale Barding Armor
23:41 Bloodlines
23:31 Husbandry
24:18 Chain Barding Armor
27:37 Hand Cart
28:02 Stone Shaft Mining
27:47 Forging
32:33 Imperial Age
30:36 Tuntian
30:31 Town Watch
32:13 Iron Casting
33:39 Conscription
32:42 Heavy Hei Guang Cavalry
34:37 Ming Guang Armor
34:01 Light Cavalry
cls
10:59 Feudal Age
9:14 Loom
11:45 Horse Collar
11:50 Double-Bit Axe
17:35 Castle Age
16:30 Gold Mining
17:01 Stone Mining
18:29 Wheelbarrow
18:29 Bow Saw
18:49 Scale Barding Armor
19:14 Heavy Plow
21:37 Gold Shaft Mining
21:49 Light Cavalry
22:40 Bloodlines
22:38 Town Watch
24:22 Husbandry
27:51 Hand Cart
31:11 Imperial Age
29:16 Chain Barding Armor
31:15 Cavalier
33:06 Two-Man Saw
33:02 Plate Barding Armor
kinwaleung18
10:55 Feudal Age
12:38 Double-Bit Axe
14:59 Castle Age
13:14 Horse Collar
15:59 Bow Saw
18:55 Wheelbarrow
18:30 Loom
18:31 Town Watch
22:04 Hand Cart
23:00 Gold Mining
26:20 Imperial Age
23:43 Stone Mining
24:25 Scale Mail Armor
23:46 Pikeman
25:40 Squires
26:40 Onager
27:49 Fletching
28:57 Forging
29:31 Bodkin Arrow
31:38 Chain Mail Armor
33:07 Iron Casting
34:44 Hand Cart
35:11 Plate Mail Armor
[QHB]Hammer warriors
10:15 Feudal Age
10:54 Double-Bit Axe
14:16 Castle Age
15:11 Bow Saw
14:43 Horse Collar
15:45 Heavy Plow
21:27 Wheelbarrow
23:45 Loom
24:08 Gold Mining
24:30 Forging
24:25 Scale Barding Armor
25:36 Scale Barding Armor
26:06 Iron Casting
26:52 Bloodlines
26:42 Husbandry
29:24 Imperial Age
28:33 Gold Shaft Mining
28:55 Hand Cart
30:26 Chain Barding Armor
31:06 Blast Furnace
29:30 Heavy Camel Rider
QHB挂b户口本1页
11:53 Feudal Age
15:03 Castle Age
13:43 Double-Bit Axe
13:39 Horse Collar
16:22 Bow Saw
22:46 Wheelbarrow
27:22 Imperial Age
26:15 Gold Mining
26:15 Stone Mining
27:03 Hand Cart
27:24 Loom
27:50 Town Watch
28:47 Gold Shaft Mining
28:48 Stone Shaft Mining
29:57 Conscription
28:58 Elite Ballista Elephant
30:08 Double Crossbow
30:16 Siege Engineers
30:23 Masonry
33:31 Fletching
33:41 Padded Archer Armor
33:59 Tusk Swords
35:03 Chemistry
34:27 Bodkin Arrow
玩印度的哥们硬不起来
4:42 Loom
11:04 Feudal Age
15:07 Castle Age
13:34 Double-Bit Axe
15:16 Horse Collar
21:38 Fletching
22:32 Bodkin Arrow
[QHB] Noel Vermillion
0:35 Loom
9:00 Feudal Age
9:33 Horse Collar
9:41 Double-Bit Axe
16:56 Castle Age
17:45 Heavy Plow
17:57 Bow Saw
18:59 Wheelbarrow
24:59 Gold Mining
25:02 Stone Mining
28:55 Imperial Age
26:55 Arson
27:10 Squires
27:33 Caravan
27:38 Scale Mail Armor
27:49 Forging
29:03 Chain Mail Armor
29:24 Iron Casting
28:55 Capped Ram
28:59 Elite Fire Lancer
30:14 Plate Mail Armor
29:25 Pikeman
31:22 Blast Furnace
Connection lost

Rejoining the realm…

Still unreachable

The connection could not be restored.

Session expired

The server has moved on; the page needs a fresh start.